Map: Dusk Towers

Players

AcerBly (Bly) - Winner!

  • Race: Zerg Zerg
  • League: Master

viOLet

  • Race: Zerg Zerg

Event: DreamHack ZOWIE Open Leipzig

VOD

Have the link to the VOD?

Description

Time

  • Played on: Jan. 23, 2016, 3:01 p.m.
  • Length: 9:00

All games in this series

Show
View Real Time Build Order
Export as new Build Order

AcerBly Zerg - Winner!

Build Orders: Hatch First 

Get SALT Encoding   

  12  0:00  Drone  
  13  0:12  Overlord  
  13  0:19  Drone  
  14  0:30  Drone  
  14  0:31  Drone  
  16  0:36  Drone  
  17  0:52  Hatchery  
  17  0:56  Drone  
  17  1:01  Extractor  
  16  1:10  Spawning Pool  
  15  1:12  Drone  
  15  1:15  Drone  
  17  1:20  Drone  
  18  1:28  Drone  
  19  1:39  Overlord  
  19  1:57  Queen  
  19  1:58  Zergling x2  
  19  2:00  Zergling x2  
  23  2:04  Drone, Queen  
  23  2:07  Baneling Nest  
  25  2:15  Zergling x2  
  26  2:17  Drone  
  27  2:23  Drone  
  27  2:24  Metabolic Boost  
  27  2:28  Drone  
  29  2:36  Drone  
  30  2:40  Overlord  
  30  2:48  Drone  
  30  2:51  Drone  
  32  2:55  Baneling  
  32  2:56  Baneling x2  
  32  2:58  Zergling x4  
  34  3:02  Baneling  
  34  3:04  Zergling x6  
  36  3:09  Overlord  
  36  3:11  Zergling x2  
  36  3:21  Drone x3  
  36  3:24  Overlord  
  39  3:29  Overlord  
  39  3:31  Drone  
  40  3:35  Baneling  
  40  3:38  Drone x2  
  40  3:39  Drone  
  43  3:56  Zergling x4  
  43  4:00  Extractor  
  43  4:01  Roach Warren  
  43  4:06  Drone x4  
  43  4:07  Drone x2  
  49  4:10  Lair  
  49  4:11  Extractor  
  49  4:14  Drone x3  
  51  4:19  Drone  
  52  4:25  Overlord  
  52  4:30  Extractor  
  51  4:31  Drone x2  
  53  4:42  Roach x6  
  63  5:00  Zergling x2  
  63  5:01  Zergling x12  
  63  5:05  Spine Crawler  
  63  5:06  Spine Crawler  
  68  5:07  Ravager  
  68  5:09  Drone  
  68  5:13  Baneling  
  70  5:23  Spire  
  70  5:24  Drone x5  
  74  5:41  Zergling x2  
  74  5:42  Zergling x8  
  63  5:50  Roach  
  63  6:02  Hatchery  
  60  6:06  Drone x5  
  60  6:07  Drone x3  
  68  6:18  Overlord  
  68  6:22  Overlord  
  68  6:36  Mutalisk  
  68  6:37  Mutalisk x7  
  68  6:39  Overseer  
  84  6:51  Mutalisk  
  86  7:04  Glial Reconstitution  
  86  7:05  Overlord  
  84  7:14  Roach  
  84  7:15  Roach x2  
  90  7:16  Overlord  
  90  7:19  Overlord  
  90  7:21  Overlord x3  
  90  7:22  Queen  
  90  7:28  Overlord  
  91  7:37  Zergling x22  
  96  7:54  Ravager x2  
  96  7:55  Ravager  
  96  7:56  Roach, Extractor  
  96  7:57  Roach x3  
  105  8:00  Extractor  
  105  8:03  Roach x3  
  108  8:12  Roach  
  114  8:13  Roach x2  
  114  8:16  Drone  
  115  8:22  Roach x5  
  125  8:29  Roach x2  
  129  8:36  Mutalisk x3  
Show
View Real Time Build Order
Export as new Build Order

viOLet Zerg 

Build Orders: Pool First 

Get SALT Encoding   

  12  0:00  Drone  
  13  0:12  Overlord  
  13  0:17  Drone  
  14  0:30  Drone  
  14  0:31  Drone  
  14  0:34  Drone  
  17  0:40  Extractor  
  16  0:46  Drone  
  17  0:52  Spawning Pool  
  17  0:57  Drone  
  17  1:07  Drone  
  18  1:20  Hatchery  
  17  1:30  Drone  
  18  1:38  Queen  
  20  1:42  Metabolic Boost  
  20  1:48  Overlord  
  20  1:53  Zergling x2  
  21  1:57  Zergling x2  
  22  2:10  Zergling x2  
  22  2:14  Zergling x2, Queen  
  26  2:22  Zergling x2  
  27  2:32  Zergling x4  
  29  2:45  Zergling x4  
  29  2:46  Drone  
  29  2:47  Drone  
  29  2:49  Drone  
  34  2:52  Roach Warren  
  34  2:56  Drone  
  34  3:05  Overlord  
  34  3:07  Drone  
  34  3:09  Drone  
  36  3:19  Drone  
  34  3:23  Drone  
  34  3:24  Drone  
  34  3:25  Drone x2  
  34  3:26  Overlord  
  38  3:28  Drone  
  39  3:35  Overlord  
  39  3:38  Roach  
  41  3:43  Roach  
  41  3:46  Roach  
  45  3:50  Roach  
  46  3:56  Roach  
  46  3:59  Roach  
  46  4:00  Roach  
  52  4:05  Roach  
  54  4:10  Roach x2  
  57  4:20  Overlord  
  57  4:23  Zergling x2  
  57  4:30  Zergling x2  
  58  4:34  Overlord, Zergling x2  
  58  4:37  Evolution Chamber  
  58  4:39  Zergling x8  
  58  4:40  Zergling x4  
  60  4:46  Zergling x2  
  61  4:54  Zergling x4  
  63  5:02  Drone  
  63  5:03  Zerg Missile Weapons Level 1, Drone  
  63  5:04  Drone x2  
  67  5:11  Overlord  
  67  5:13  Drone  
  67  5:14  Hatchery  
  67  5:17  Drone  
  67  5:20  Drone  
  68  5:21  Drone  
  68  5:23  Overlord  
  68  5:27  Overlord  
  69  5:37  Drone x3  
  69  5:42  Roach  
  57  5:43  Roach x2  
  57  5:44  Roach  
  57  5:48  Roach  
  60  5:50  Roach  
  60  5:53  Extractor  
  60  5:55  Lair  
  54  6:00  Roach  
  55  6:04  Queen  
  57  6:14  Drone  
  57  6:15  Drone x2  
  57  6:18  Drone x3  
  63  6:20  Roach  
  63  6:22  Roach  
  63  6:23  Drone  
  63  6:25  Queen  
  68  6:26  Zergling x2  
  71  6:33  Extractor  
  71  6:34  Extractor  
  71  6:36  Zergling x8  
  73  6:40  Drone x2  
  73  6:44  Drone x2  
  77  6:47  Spore Crawler  
  77  6:52  Drone  
  77  6:53  Drone  
  78  6:55  Drone x2  
  78  6:58  Spore Crawler  
  78  6:59  Drone  
  78  7:00  Drone  
  80  7:02  Queen  
  82  7:11  Drone x2  
  82  7:12  Nydus Network  
  82  7:13  Spore Crawler  
  82  7:14  Drone  
  81  7:18  Spore Crawler  
  81  7:21  Spore Crawler  
  81  7:22  Zergling x6  
  76  7:24  Zergling x2  
  76  7:28  Zergling x4  
  73  7:32  Zergling x2  
  73  7:36  Drone x3  
  66  7:45  Drone x2  
  66  7:46  Infestation Pit  
  66  7:47  Zergling x2  
  66  7:48  Zergling x4  
  66  7:49  Drone x2  
  67  7:54  Roach x2  
  67  7:57  Roach  
  67  7:58  Roach  
  70  8:01  Roach  
  70  8:04  Roach  
  73  8:06  Roach  
  73  8:08  Zergling x2  
  73  8:10  Roach  
  74  8:13  Roach  
  74  8:19  Roach  
  69  8:27  Roach x2  
  69  8:30  Roach x2  
  72  8:36  Roach x2  
  72  8:40  Roach  

Tags
 
Add a new tag
Caveats
  • Supply blocks, unpowered buildings, or Contaminate may cause inaccurate times.
  • Supply counts are checked every 10 seconds.